 Dungeon Crawl Stone Soup version 0.31-a0-702-gf82c85558f (webtiles) character file.

Game seed: 13899511596336699145

2972742 octothorp the Skinwalker (level 27, 205/205 HPs)
             Began as an Octopode Venom Mage on Sept 5, 2023.
             Was a High Priest of Ashenzari.
             Escaped with the Orb
             ... and 5 runes on Sept 8, 2023!
             The game lasted 10:25:09 (79749 turns).

octothorp the Skinwalker (Octopode Venom Mage)     Turns: 79749, Time: 10:25:09

Health: 205/205    AC: 19    Str:  8    XL:     27
Magic:  42/42      EV: 66    Int: 36    God:    Ashenzari [*****.]
Gold:   5839       SH:  0    Dex: 21    Spells: 1/66 levels left

rFire   + +          .
                       - Unarmed
rCold   . . .        Z - melded +3 warlock's mirror {omnireflect}
rNeg    + + .        z - melded +0 hat of Ashenzari's Ordeal {Will+ Regen+ Int+3, Elem, Alch} (curse)
rPois   ∞            N - amulet of the Enlightened Sky {Regen+, Fort, Range} (curse)
rElec   +            A - ring "Lashed With Me" {rElec rF+ rN+ Str-5 Int+7, Comp, Bglg} (curse)
rCorr   +            C - ring "Circumscribed Doubts" {*Slow rPois Will+ rCorr Int+6, Range, Bglg} (curse)
SInv    +            D - ring of Ashenzari's Fetters {Fly rElec rN+ EV+5 Int-2, Elem, Dev} (curse)
Will    +++..        v - ring "Ensconced With Me" {EV+5, Elem, Melee} (curse)
Stlth   ++           Q - ring "Regret of Ashenzari" {Str+6, Dev, Self} (curse)
HPRegen 1.34/turn    K - ring of Ashenzari's Inaction {Wiz, Bglg, Self} (curse)
MPRegen 0.28/turn    U - ring of the Ruined Firmament {rF+, Dev, Cun} (curse)
                     M - ring of the Ensconced Omen {+Blink rElec AC+4, Fort, Bglg} (curse)

%: slow self (1%), clarity, wizardry (x1)
@: storm-form, flying, studying 4 skills
A: cleaving, insubstantial, flying, almost no armour, amphibious, 8 rings,
(camouflage 1), (gelatinous body 1), (nimble swimmer 1), (tentacles), clever 1,
low MP 1, mutation resistance 1, (shaggy fur 1), subdued magic 1, MP-powered
wands
0: Orb of Zot
}: 5/15 runes: decaying, serpentine, slimy, silver, abyssal
a: Blinkbolt, Begin Untransformation, Renounce Religion, Evoke Blink, Shatter
the Chains


You escaped.
You worshipped Ashenzari.
Ashenzari was extremely pleased with you.
You were a lightning-filled tempest!
You visited 13 branches of the dungeon, and saw 57 of its levels.
You visited the Abyss 2 times.
You also visited: Trove and Wizlab.

You collected 8698 gold pieces.
You spent 2859 gold pieces at shops.

Inventory:

Armour
 z - the cursed +0 hat of Ashenzari's Ordeal (melded) {Will+ Regen+ Int+3, Elem, Alch}
   (You acquired it on level 4 of the Dungeon)

   Int+3:     It affects your intelligence (+3).
   Will+:     It increases your willpower.
   Regen+:    It increases your rate of health regeneration.
   It has a curse which improves the following skills: Elements: Fire Magic, Ice
   Magic, Air Magic and Earth Magic.
   Alchemy:   Poison Magic and Transmutations.
 Z - the +3 warlock's mirror (melded) {omnireflect}
   (You acquired it on level 4 of the Snake Pit)

   Omnireflect: It can block and reflect piercing ranged attacks and magical
   attacks against the wielder's willpower.
Jewellery
 j - the ring of the Princess {Will+ Slay+4}
   (You found it in a treasure trove)

   [ring of slaying]

   Slay+4:    It affects your accuracy & damage with ranged weapons and melee
   (+4).
   Will+:     It increases your willpower.
 k - the ring "Toinipn" {rF+ rC- rN+ Str+6}
   (You found it in a treasure trove)

   [ring of positive energy]

   Str+6:     It affects your strength (+6).
   rF+:       It protects you from fire.
   rC-:       It makes you vulnerable to cold.
   rN+:       It protects you from negative energy.
 t - a ring of protection from cold
 v - the cursed ring "Ensconced With Me" (on tentacle) {EV+5, Elem, Melee}
   (You found it on level 12 of the Dungeon)

   [ring of evasion]

   EV+5:      It affects your evasion (+5).
   It has a curse which improves the following skills: Elements: Fire Magic, Ice
   Magic, Air Magic and Earth Magic.
   Melee Combat: Short Blades, Long Blades, Axes, Maces & Flails, Polearms,
   Staves and Unarmed Combat.
 A - the cursed ring "Lashed With Me" (left tentacle) {rElec rF+ rN+ Str-5 Int+7, Comp, Bglg}
   (You acquired it on level 4 of the Dungeon)

   [ring of positive energy]

   Str-5:     It affects your strength (-5).
   Int+7:     It affects your intelligence (+7).
   rF+:       It protects you from fire.
   rElec:     It insulates you from electricity.
   rN+:       It protects you from negative energy.
   It has a curse which improves the following skills: Companions: Summonings
   and Necromancy.
   Beguiling: Conjurations, Hexes and Translocations.
 C - the cursed ring "Circumscribed Doubts" (right tentacle) {*Slow rPois Will+ rCorr Int+6, Range, Bglg}
   (You acquired it on level 7 of the Dungeon)

   [ring of intelligence]

   Int+6:     It affects your intelligence (+6).
   rPois:     It protects you from poison Will+: It increases your willpower.
   rCorr:     It protects you from acid and corrosion.
   *Slow:     It may slow you when you take damage.
   It has a curse which improves the following skills: Ranged Combat: Ranged
   Weapons and Throwing.
   Beguiling: Conjurations, Hexes and Translocations.
 D - the cursed ring of Ashenzari's Fetters (on tentacle) {Fly rElec rN+ EV+5 Int-2, Elem, Dev}
   (You found it in a treasure trove)

   [ring of evasion]

   EV+5:      It affects your evasion (+5).
   Int-2:     It affects your intelligence (-2).
   rElec:     It insulates you from electricity.
   rN+:       It protects you from negative energy.
   Fly:       It grants you flight.
   It has a curse which improves the following skills: Elements: Fire Magic, Ice
   Magic, Air Magic and Earth Magic.
   Devices:   Evocations and Shapeshifting.
 K - the cursed ring of Ashenzari's Inaction (on tentacle) {Wiz, Bglg, Self}
   (You took it off an orc wizard on level 10 of the Dungeon)

   [ring of wizardry]

   Wiz:       It improves your spell success rate.
   It has a curse which improves the following skills: Beguiling: Conjurations,
   Hexes and Translocations.
   Introspection: Fighting and Spellcasting.
 L - a +4 ring of protection
 M - the cursed ring of the Ensconced Omen (on tentacle) {+Blink rElec AC+4, Fort, Bglg}
   (You found it on level 5 of the Pits of Slime)

   [ring of protection]

   AC+4:      It affects your AC (+4).
   rElec:     It insulates you from electricity.
   +Blink:    It lets you blink.
   It has a curse which improves the following skills: Fortitude: Shields.
   Beguiling: Conjurations, Hexes and Translocations.
 N - the cursed amulet of the Enlightened Sky (around neck) {Regen+, Fort, Range}
   (You found it on level 2 of the Depths)

   [amulet of regeneration]

   Regen+:    It increases your rate of health regeneration.
   It has a curse which improves the following skills: Fortitude: Shields.
   Ranged Combat: Ranged Weapons and Throwing.
 Q - the cursed ring "Regret of Ashenzari" (on tentacle) {Str+6, Dev, Self}
   (You found it on level 3 of the Lair of Beasts)

   [ring of strength]

   Str+6:     It affects your strength (+6).
   It has a curse which improves the following skills: Devices: Evocations and
   Shapeshifting.
   Introspection: Fighting and Spellcasting.
 U - the cursed ring of the Ruined Firmament (on tentacle) {rF+, Dev, Cun}
   (You found it on level 4 of the Lair of Beasts)

   [ring of protection from fire]

   rF+:       It protects you from fire.
   It has a curse which improves the following skills: Devices: Evocations and
   Shapeshifting.
   Cunning:   Dodging and Stealth.
 V - the amulet of the Moon {Reflect rF+ Str+2 SH+5}
   (You found it on level 5 of the Pits of Slime)

   [amulet of reflection]

   Reflect:   It reflects blocked missile attacks.
   Str+2:     It affects your strength (+2).
   rF+:       It protects you from fire.
   SH+5:      It affects your SH (+5).
Talismans
 w - a storm talisman (active)
 O - a talisman of death
Wands
 B - a wand of paralysis (63)
 J - a wand of iceblast (58)
 S - a wand of digging (48)
 Y - a wand of acid (18)
Scrolls
 b - 3 scrolls of blinking {@r3}
 g - 11 scrolls of vulnerability
 m - 24 scrolls of teleportation {@r2}
 o - 4 scrolls of revelation
 p - 8 scrolls of fear
 s - 8 scrolls of amnesia
 u - 7 scrolls of fog
 y - 2 scrolls of enchant weapon
 H - 4 scrolls of torment
 I - 8 scrolls of silence
 P - 5 scrolls of summoning
 T - 6 scrolls of immolation
Potions
 a - 7 potions of magic
 c - 5 potions of cancellation
 d - 5 potions of mutation
 e - 9 potions of might
 f - 19 potions of curing
 l - 4 potions of ambrosia
 q - 7 potions of heal wounds
 r - 8 potions of enlightenment
 x - 6 potions of brilliance
 E - 7 potions of berserk rage
 F - 4 potions of invisibility
 G - a potion of haste
 R - 4 potions of resistance
Miscellaneous
 h - a lightning rod (4/4)
 n - a phantom mirror
 X - a sack of spiders (inert)


   Skills:
 - Level 18.1(21.0) Fighting
 - Level 6.0(8.1) Short Blades
 - Level 20.2(22.1) Dodging
 - Level 12.2(14.3) Stealth
 - Level 10.0(13.1) Shields
 + Level 23.3(25.1) Unarmed Combat
 - Level 17.0(20.0) Spellcasting
 - Level 4.0(8.4) Conjurations
 - Level 8.0(13.0) Hexes
 - Level 13.9(15.9) Necromancy
 - Level 6.7(11.6) Translocations
 - Level 7.7 Transmutations
 - Level 7.7(11.0) Ice Magic
 - Level 7.7(11.0) Air Magic
 - Level 12.0 Poison Magic
 - Level 7.7(11.9) Evocations
 - Level 23.3(27) Shapeshifting


You had one spell level left.
You knew the following spells:

 Your Spells              Type           Power      Damage    Failure   Level
a - Infestation           Necr           43%        N/A       2%          8
b - Iskenderun's Mystic   Conj/Tloc      70%        2d14      1%          4
c - Mephitic Cloud        Conj/Pois/Air  72%        N/A       0%          3
d - Death Channel         Necr           43%        N/A       1%          6
e - Enfeeble              Hex            39%        N/A       1%          7
f - Freezing Cloud        Conj/Ice/Air   35%        6-21      1%          5
g - Passage of Golubria   Tloc           75%        N/A       1%          4
i - Irradiate             Conj/Tmut      32%        3d22      1%          5
n - Eringya's Noxious Bo  Tmut/Pois      35%        4d6       1%          6
o - Olgreb's Toxic Radia  Pois           76%        N/A       1%          4
u - Dispel Undead         Necr           86%        3d28      0%          4
D - Dispersal             Tloc           37%        N/A       1%          6
S - Swiftness             Air            73%        N/A       0%          3

Your spell library contained the following spells:

 Spells                   Type           Power      Damage    Failure   Level
 Freeze                   Ice            100%       1d10      0%          1
 Kiss of Death            Conj/Necr      100%       2d13      0%          1
 Magic Dart               Conj           100%       1d8       0%          1
 Shock                    Conj/Air       100%       1d9       0%          1
 Slow                     Hex            100%       N/A       0%          1
 Sting                    Tmut/Pois      100%       1d8       0%          1
 Foxfire                  Conj/Fire      100%       2x1d9     1%          1
 Summon Small Mammal      Summ           100%       N/A       1%          1
 Blink                    Tloc           100%       N/A       0%          2
 Cigotuvi's Dreadful Rot  Necr/Pois/Air  100%       N/A       0%          2
 Ensorcelled Hibernation  Hex/Ice        100%       N/A       0%          2
 Lesser Beckoning         Tloc           100%       N/A       0%          2
 Poisonous Vapours        Pois/Air       100%       N/A       0%          2
 Searing Ray              Conj           100%       2d8       0%          2
 Static Discharge         Conj/Air       100%       2-7/arc   0%          2
 Confusing Touch          Hex            79%        N/A       0%          3
 Dazzling Flash           Conj/Hex       100%       N/A       0%          3
 Frozen Ramparts          Ice            100%       1d16      0%          3
 Gell's Gravitas          Tloc           75%        N/A       0%          3
 Hailstorm                Conj/Ice       69%        3d14      0%          3
 Sigil of Binding         Hex            79%        N/A       0%          3
 Teleport Other           Tloc           75%        N/A       0%          3
 Tukima's Dance           Hex            79%        N/A       0%          3
 Vampiric Draining        Necr           86%        2d12      0%          3
 Anguish                  Hex/Necr       41%        N/A       0%          4
 Animate Dead             Necr           86%        N/A       0%          4
 Cause Fear               Hex            39%        N/A       0%          4
 Agony                    Necr           86%        N/A       0%          5
 Passwall                 Tmut/Erth      41%        N/A       1%          2
 Scorch                   Fire           60%        2d7       1%          2
 Wereblood                Tmut           63%        N/A       1%          2
 Call Canine Familiar     Summ           29%        N/A       1%          3
 Ignite Poison            Fire/Tmut/Pois 60%        N/A       1%          3
 Inner Flame              Hex/Fire       60%        N/A       1%          3
 Stone Arrow              Conj/Erth      100%       3d13      1%          3
 Summon Guardian Golem    Hex/Summ       59%        N/A       1%          3
 Volatile Blastmotes      Fire/Tloc      100%       2d18      1%          3
 Airstrike                Air            36%        2d(6-22)  1%          4
 Dimensional Bullseye     Hex/Tloc       38%        N/A       1%          4
 Flame Wave               Conj/Fire      51%        2d13      1%          4
 Fulminant Prism          Conj/Hex       36%        3d18      1%          4
 Leda's Liquefaction      Hex/Erth       30%        N/A       1%          4
 Manifold Assault         Tloc           75%        N/A       1%          4
 Sticky Flame             Conj/Fire      51%        2d7       1%          4
 Summon Lightning Spire   Summ/Air       56%        N/A       1%          4
 Vhi's Electric Charge    Tloc/Air       100%       N/A       1%          4
 Alistair's Intoxication  Tmut/Pois      46%        N/A       1%          5
 Arcjolt                  Conj/Air       34%        1d44      1%          5
 Fireball                 Conj/Fire      25%        3d11      1%          5
 Iskenderun's Battlesphe  Conj           65%        2d11      1%          5
 Silence                  Hex/Air        38%        N/A       1%          5
 Summon Forest            Summ/Tloc      28%        N/A       1%          5
 Summon Mana Viper        Hex/Summ       59%        N/A       1%          5
 Yara's Violent Unravell  Hex/Tmut       35%        3d14      1%          5
 Conjure Ball Lightning   Conj/Air       34%        3x3d11    1%          6
 Plasma Beam              Fire/Air       28%        2x1d40    4%          6
 Lee's Rapid Deconstruct  Erth           15%        3d10*     6%          5
 Leda's Unmaking          Conj/Erth      25%        9d5       7%          6
 Starburst                Conj/Fire      25%        6d8       7%          6
 Haunt                    Necr/Summ      32%        N/A       9%          7
 Discord                  Hex            39%        N/A       9%          8
 Disjunction              Tloc           37%        N/A       16%         8
 Maxwell's Capacitive Co  Air            36%        ∞         21%         8
 Summon Cactus Giant      Summ           14%        N/A       38%         6
 Spellforged Servitor     Conj/Summ      25%        N/A       38%         7
 Summon Hydra             Summ           14%        N/A       89%         7
 Lehudib's Crystal Spear  Conj/Erth      25%        10d7      96%         8
 Chain Lightning          Conj/Air       34%        3d46      99%         9
 Ignition                 Fire           15%        3d6       100%        8
 Dragon's Call            Summ           14%        N/A       100%        9
 Shatter                  Erth           15%        3d15*     100%        9
 Animate Armour           Summ/Erth      Unusable   N/A       N/A         4

Dungeon Overview and Level Annotations

Branches:
Dungeon (15/15)            Temple (1/1) D:4            Lair (5/5) D:10
  Swamp (4/4) Lair:3        Snake (4/4) Lair:2        Slime (5/5) Lair:5
    Orc (2/2) D:11            Elf (3/3) Orc:2        Vaults (5/5) D:14
  Crypt (3/3) Vaults:3       Tomb (0/3) Crypt:3      Depths (4/4) D:15
   Hell (visited)             Dis (0/7) Hell            Geh (0/7) Hell
    Coc (0/7) Hell            Tar (0/7) Hell            Zot (5/5) Depths:4
 WizLab (visited)

Altars:
Ashenzari
Cheibriados
Dithmenos
Elyvilon
Fedhas
Gozag
Hepliaklqana
Kikubaaqudgha
Makhleb
Nemelex Xobeh
Okawaru
Qazlal
Ru
Sif Muna
Trog
Uskayaw
Vehumet
Wu Jian
Xom
Yredelemnul
Zin
The Shining One
Jiyva
Lugonu

Shops:
D:5 !   D:6 (   Orc:2 [[([   Elf:3 ?   Snake:2 :[   Snake:4 ?(   Vaults:1 ?
Vaults:4 (   Depths:1 *   Depths:2 [

Portals:
Hell: Depths:1 Depths:2 Depths:3 Depths:4
Abyss: Depths:3 Depths:4
Pandemonium: Depths:2
Ziggurat: Depths:2

Annotations:
D:2 exclusion: downstairs
D:4 exclusion: 2 downstairs
D:6 vault
Swamp:1 exclusion: ice dragon
Swamp:3 exclusion: downstairs
Snake:2 Azrael


Innate Abilities, Weirdness & Mutations

You are a lightning-filled tempest!
Your electrical attacks strike out in all directions at once.
You are incredibly evasive.
Your insubstantial body is immune to petrification, constriction, and being set on fire You are flying.
Your armour is entirely melded.
You are incapable of wielding weapons or throwing items.
You cannot wear most types of armour.
You are amphibious.
You can wear up to eight rings at the same time.
You are immune to poison.
((Your skin changes colour to match your surroundings (Stealth+).))
((Your rubbery body absorbs attacks. (AC +1, EV +1)))
((You are camouflaged when in or above water. (Stealth+)))
((You have tentacles for arms and can constrict up to eight enemies at once.))
Your mind is acute. (Int +4, Str/Dex -1)
Your magical capacity is low. (-10% MP)
You are somewhat resistant to further mutation.
((You are covered in fur. (AC +1)))
Your spells are a little easier to cast, but a little less powerful.
You expend magic power (3 MP) to strengthen your wands.


Message History

There is a stone staircase leading down here.
A Brimstone Fiend comes into view.
The Brimstone Fiend completely misses you. x3
You barely miss the Brimstone Fiend.
You punch the Brimstone Fiend, but do no damage.
You batter the Brimstone Fiend!! Your punch misses the Brimstone Fiend.
The Brimstone Fiend is moderately wounded.
The Brimstone Fiend barely misses you.
The Brimstone Fiend completely misses you.
The Brimstone Fiend hits you!
You batter the Brimstone Fiend!! You punch the Brimstone Fiend!
The Brimstone Fiend is heavily wounded.
A smoke demon comes into view.
You buffet the Brimstone Fiend!
You punch the Brimstone Fiend, but do no damage.
The Brimstone Fiend is severely wounded.
You buffet the smoke demon!
Lightning courses through the smoke demon!
The Brimstone Fiend completely misses you. x3
You buffet the Brimstone Fiend!
The Brimstone Fiend is severely wounded.
You blast the smoke demon!!!
Lightning courses through the smoke demon!
You kill the smoke demon!
You blast the Brimstone Fiend!!!!
Lightning courses through the Brimstone Fiend!
You kill the Brimstone Fiend!
HP restored.
A ball python is nearby!
There is an open door here.
The ball python hisses angrily.
The ball python closely misses you.
You buffet the ball python!
You kill the ball python!
There is a stone staircase leading up here.
You fly upwards.
There is a stone staircase leading down here.
There is a staircase leading out of the dungeon here.
Okay, then.
You have escaped!

#............
#...#.#####.#
###...#...[...#
####.....###...###
#....##### #.#># ##.####
#.### ####...#### #.#####
####.........######.#....
#.......v.......#...#.###
####.........####.###.###
####...#### #.#......
##.## #.#......
####.########........
#...........'........
#.###########........ #.#
#..............
#.######........#####


There were no monsters in sight!

Vanquished Creatures
  the Royal Jelly (Slime:5)
  4 dread liches
  3 ancient liches
  7 orbs of fire
  A juggernaut (Abyss:3)
  3 Killer Klowns (Zot:5)
  Parghit (Zot:3)
  the Lernaean hydra (Swamp:4)
  2 curse toes
  Saint Roka (Elf:2)
  Geryon (Hell)
  2 caustic shrikes (Depths:4)
  Nikola (Depths:1)
  8 golden dragons
  the Enchantress (Depths:3)
  A Brimstone Fiend (D:2)
  5 electric golems
  An iron giant (Hell)
  A hellephant (Depths:4)
  3 deep elf blademasters
  Mlioglotl (Swamp:3)
  Zenata (Crypt:1)
  21 tentacled monstrosities
  The ghost of Dassydak the Tortoise, an adept GrFi of Makhleb (Crypt:2)
  2 deep elf master archers (Elf:3)
  6 liches
  16 Orb Guardians (Zot:5)
  3 ancient champions
  10 titans
  13 acid blobs
  6 quicksilver dragons
  6 searing wretches
  5 sphinxes
  5 death cobs
  Kirke (Elf:1)
  2 shadow dragons (Vaults:5)
  Aizul (Snake:2)
  A thorn hunter (Swamp:4)
  Frances (Snake:2)
  5 tengu reavers
  17 storm dragons
  A nagaraja (Snake:4)
  5 draconian knights
  9 rockslimes
  A draconian monk (Zot:1)
  2 revenants
  The ghost of sastreii the Spry, a journeyman DrHu of Ru (Swamp:4)
  5 azure jellies
  6 deep elf sorcerers
  5 frost giants
  6 fire giants
  15 vault wardens
  2 deep elf elementalists
  An angel (Abyss:3)
  3 draconian scorchers
  3 ghost moths
  Louise (Snake:1)
  2 curse skulls
  3 reapers
  A draconian shifter (Zot:3)
  3 spriggan defenders (Depths:3)
  14 stone giants
  2 caustic shrike skeletons (Depths:4)
  2 draconian annihilators (Zot:3)
  An orc warlord (Vaults:4)
  9 war gargoyles
  17 ironbound preservers
  A draconian stormcaller (Zot:5)
  8 quicksilver oozes
  11 formless jellyfish
  42 very ugly things
  An elemental wellspring (Hell)
  Nessos (D:15)
  10 ghouls
  2 ophanim (Abyss:3)
  4 ironbound thunderhulks
  A rockslime zombie (Crypt:2)
  The ghost of Kaz Ciaw the Grappler, a journeyman TrSh of Uskayaw (D:13)
  6 deep elf demonologists
  2 bunyips
  11 deep elf annihilators
  A lorocyproca (Depths:4)
  7 vampire knights
  2 eleionomae
  5 red draconians
  11 black draconians
  9 green draconians
  7 dire elephants
  2 spark wasps (Depths:2)
  3 purple draconians
  4 white draconians
  5 yellow draconians
  8 ettins
  2 orange crystal statues
  3 eidola
  2 green deaths
  5 deep elf death magi
  3 iron golems (Hell)
  4 fire dragons
  A crystal guardian (Vaults:4)
  3 shambling mangroves (Swamp:3)
  14 jiangshi
  Josephine (D:13)
  6 yaktaur captains
  10 great orbs of eyes
  6 deep elf high priests
  A fenstrider witch zombie (Crypt:1)
  7 ice dragons
  26 vault guards
  3 entropy weavers
  6 spriggan air magi
  4 salamander tyrants
  A quicksilver dragon skeleton (Crypt:2)
  2 rakshasas
  2 ghost crabs
  A caustic shrike simulacrum (Hell)
  17 hydras
  11 ironbound frosthearts
  4 peacekeepers
  2 hell beasts
  5 boulder beetles
  13 alligators
  2 spriggan skeletons (Hell)
  5 two-headed ogres
  15 centaur warriors
  3 deep troll shamans
  4 death knights
  2 ogre magi
  15 anacondas
  A demonic crawler (Crypt:1)
  6 death yaks (Lair:4)
  39 dancing weapons
  8 naga warriors
  7 vampire magi
  8 deep troll earth magi
  4 tengu warriors
  6 shock serpents
  11 hell hogs
  10 naga sharpshooters
  6 orc high priests
  7 spriggan berserkers
  13 spriggans
  26 hell knights
  Sonja (Lair:2)
  6 soul eaters
  A storm dragon zombie (Hell)
  2 titan skeletons
  3 wretched stars
  4 shadow wraiths
  2 cherubim (Abyss:3)
  4 sun demons
  A skyshark (Lair:2)
  3 iron trolls
  2 golden dragon zombies
  21 deep elf knights
  8 goliath frogs
  5 salamander mystics (Snake:4)
  A sixfirhy (Abyss:2)
  20 skeletal warriors
  3 spriggan druids
  49 deep trolls
  2 bunyip zombies (Crypt:3)
  2 anaconda zombies
  8 glowing orange brains
  20 bog bodies
  2 deep trolls (shapeshifter) (Vaults:5)
  2 sea snakes (Snake:2)
  A quicksilver dragon simulacrum (Depths:1)
  A tengu zombie (Depths:2)
  A spriggan simulacrum (Hell)
  6 naga ritualists
  10 flayed ghosts
  11 swamp dragons
  14 deep elf archers
  10 phantasmal warriors
  11 orc knights
  12 wizards
  13 harpies
  13 necromancers
  7 lindwurms
  31 deep elf pyromancers
  34 deep elf zephyrmancers
  A wolf spider (Crypt:2)
  A steelbarb worm (shapeshifter) (Depths:4)
  7 orc sorcerers
  50 ugly things
  An iron dragon zombie (Hell)
  3 fire giant zombies
  17 ironbound convokers
  A salamander (shapeshifter) (Crypt:2)
  2 shadow dragon skeletons
  5 mana vipers
  2 tengu skeletons (Depths:1)
  16 salamanders
  5 will-o-the-wisps (Swamp:3)
  A manticore (D:14)
  2 iron dragon skeletons
  3 cyclopes
  10 naga magi
  A black mamba (shapeshifter) (D:15)
  5 rust devils
  24 moths of wrath
  A goliath frog skeleton (Crypt:1)
  3 eyes of devastation
  3 guardian serpents (Snake:4)
  9 elephants
  10 centaur zombies
  2 orange demons
  3 smoke demons
  6 spectral spriggans (Swamp:1)
  A frost giant skeleton (Depths:1)
  11 vault sentinels
  38 black mambas
  A dire elephant skeleton (Hell)
  A yellow draconian zombie (Crypt:2)
  3 rime drakes (Lair:2)
  9 cane toads
  7 gargoyles
  A torpor snail (shapeshifter) (Depths:2)
  A red draconian zombie (Crypt:1)
  Maggie (D:8)
  A tormentor (Abyss:1)
  3 unseen horrors
  9 komodo dragons
  9 freezing wraiths
  An anaconda simulacrum (Hell)
  A spark wasp simulacrum (Depths:1)
  20 yaktaurs
  2 unseen horror zombies (D:10)
  4 bloated husks
  An ice devil (Hell)
  10 tengu conjurers
  A red devil (Crypt:3)
  12 trolls
  A harpy zombie (Hell)
  A polar bear (shapeshifter) (Vaults:4)
  A satyr zombie (Crypt:2)
  6 harpy skeletons
  18 hornets
  9 tyrant leeches
  A blink frog (shapeshifter) (Vaults:5)
  3 spriggan zombies (Hell)
  A raiju (shapeshifter) (Elf:1)
  A tarantella (shapeshifter) (D:13)
  24 blink frogs
  16 dream sheep
  2 stone giant simulacra
  101 slime creatures
  An ettin zombie (Hell)
  2 ice dragon skeletons
  Sigmund (D:5)
  17 flying skulls
  A jumping spider (Vaults:1)
  5 large abominations
  3 wyverns
  7 shadows (Crypt:3)
  4 vampires
  4 air elementals
  2 ynoxinuls
  3 water elementals
  12 wraiths
  45 yaks
  5 fire elementals
  5 hogs (Elf:1)
  17 golden eyes
  5 basilisks
  An alligator snapping turtle simulacrum (Crypt:1)
  A chaos spawn (Crypt:2)
  Grum (D:9)
  21 vampire mosquitoes
  Menkaure (D:5)
  3 redbacks
  8 wargs
  A harpy simulacrum (Hell)
  12 swamp worms
  31 nagas
  A swamp worm (shapeshifter) (Depths:4)
  5 acid dragons
  A glowing shapeshifter zombie (Hell)
  Edmund (D:4)
  A water moccasin (shapeshifter) (Vaults:5)
  8 water moccasins
  2 floating eyes (shapeshifter) (Vaults:5)
  5 hell hounds
  32 orc warriors
  A floating eye (Slime:5)
  A naga skeleton (Crypt:1)
  14 swamp drakes
  3 ice beasts
  A sky beast (D:7)
  4 black bears
  8 ogres
  A boggart (Vaults:2)
  11 wolves
  12 centaurs
  2 phantoms
  An elf zombie (Crypt:1)
  4 kobold brigands
  10 bullfrogs
  4 necrophages (Crypt:1)
  3 scorpions
  An earth elemental (Elf:3)
  9 wights
  An elf skeleton (Crypt:2)
  5 small abominations
  3 killer bees (D:10)
  4 howler monkeys
  2 electric eels
  4 crimson imps (D:9)
  5 jellies
  22 orc priests
  6 hounds
  30 orc wizards
  5 sleepcaps
  Ijyb (D:5)
  3 iguanas (D:6)
  4 hell rats
  A killer bee zombie (Crypt:2)
  5 gnolls
  11 adders
  2 ufetubi
  4 worms
  2 dart slugs
  74 orcs
  6 ball pythons
  19 endoplasms
  3 giant cockroaches
  8 goblins
  11 hobgoblins
  13 jackals
  18 kobolds
  4 quokkas
  5 bats
  A dart slug zombie (Crypt:1)
  5 frilled lizards
  A giant cockroach zombie (Crypt:2)
  A goblin zombie (Crypt:2)
  A hobgoblin zombie (Crypt:1)
  A quokka skeleton (Crypt:1)
  5 rats
  A rat skeleton (Crypt:1)
  A butterfly (Lair:2)
2357 creatures vanquished.

Vanquished Creatures (collateral kills)
  Dissolution (Slime:3)
  A dread lich (Zot:5)
  Xtahua (Vaults:4)
  A Killer Klown (Zot:5)
  2 golden dragons (Depths:4)
  Jorgrun (Snake:1)
  2 tentacled monstrosities
  9 Orb Guardians (Zot:5)
  4 titans
  6 acid blobs
  A lich (Depths:2)
  A quicksilver dragon (Depths:3)
  5 shadow dragons
  A draconian monk (Zot:4)
  2 nagarajas (Snake:4)
  2 storm dragons
  2 fire giants
  5 vault wardens
  A deep elf sorcerer (Vaults:5)
  A draconian stormcaller (Zot:5)
  2 formless jellyfish
  3 draconian annihilators
  3 ironbound preservers
  A war gargoyle (Crypt:3)
  A spriggan defender (Depths:4)
  3 reapers (Hell)
  2 stone giants (Depths:3)
  A quicksilver ooze (Slime:5)
  A caustic shrike skeleton (Crypt:3)
  An ironbound thunderhulk (Vaults:3)
  A vampire knight (Crypt:3)
  A deep elf demonologist (Vaults:5)
  5 very ugly things
  6 black draconians
  2 dire elephants (Vaults:4)
  2 white draconians
  A green draconian (Zot:3)
  A wendigo (Hell)
  3 yellow draconians
  A red draconian (Zot:4)
  A purple draconian (Zot:2)
  A deep elf death mage (Depths:4)
  2 ettins
  An eidolon (Crypt:1)
  A shambling mangrove (Swamp:4)
  2 yaktaur captains
  4 great orbs of eyes
  A jiangshi (Crypt:3)
  3 vault guards
  2 rakshasas
  3 ice dragons
  2 ogre magi (Vaults:1)
  4 centaur warriors
  2 hydras
  10 anacondas
  A stoker (Hell)
  An alligator (Swamp:2)
  A two-headed ogre (shapeshifter) (Depths:4)
  2 naga warriors
  2 deep troll earth magi
  A sphinx skeleton (Depths:2)
  2 vampire magi
  2 hell hogs
  2 tengu warriors
  3 hell knights
  2 naga sharpshooters
  3 sun demons (Hell)
  A salamander mystic (Snake:4)
  4 deep elf knights
  2 storm dragon zombies (Hell)
  A skyshark (Lair:5)
  15 deep trolls
  5 iron trolls
  A golden dragon zombie (Hell)
  An anaconda zombie (Hell)
  2 flayed ghosts (Crypt:3)
  A glowing orange brain (Depths:3)
  3 swamp dragons (Swamp:4)
  A bog body (Swamp:1)
  2 naga ritualists
  2 wizards
  3 necromancers
  An ironbound convoker (Vaults:5)
  3 deep elf pyromancers
  4 lindwurms
  A deep elf zephyrmancer (Elf:3)
  A mana viper (Snake:4)
  A fire giant zombie (Hell)
  12 ugly things
  6 salamanders
  A tengu skeleton (Depths:2)
  8 moths of wrath
  An elephant (Lair:5)
  2 guardian serpents (Snake:4)
  A smoke demon (Crypt:3)
  A vault sentinel (Vaults:3)
  4 naga magi
  3 black mambas (Snake:4)
  A cane toad (shapeshifter) (Depths:4)
  8 cane toads (Lair:5)
  An ice devil (Hell)
  A freezing wraith (Vaults:5)
  3 trolls
  2 harpy zombies
  2 tyrant leeches
  A harpy skeleton (Hell)
  2 hornets
  6 dream sheep (Lair:5)
  2 blink frogs (Lair:5)
  2 small abominations (Abyss:2)
  11 slime creatures
  A water elemental (Elf:3)
  3 vampires (Crypt:3)
  2 shadows (Crypt:3)
  2 wraiths (D:13)
  3 yaks (Lair:5)
  3 spriggans
  2 basilisks (Lair:5)
  A minotaur simulacrum (Hell)
  A redback (shapeshifter) (Depths:4)
  2 vampire mosquitoes (Lair:5)
  A warg (Vaults:5)
  9 nagas
  2 swamp worms
  2 water moccasins (Lair:5)
  A glowing shapeshifter zombie (Hell)
  An acid dragon (D:8)
  2 orc warriors
  2 black mamba simulacra (Hell)
  An ogre (Vaults:5)
  A wolf (Lair:5)
  4 bullfrogs (Lair:5)
  An earth elemental (Elf:1)
  2 wights (Crypt:3)
  A hell rat (Hell)
  2 orcs (Vaults:5)
339 creatures vanquished.

Vanquished Creatures (others)
  A vault guard (Vaults:5)
  An ice dragon (Depths:4)
  A salamander tyrant (Snake:4)
  A deep elf knight (Elf:1)
  A sea snake (Snake:2)
  A spriggan druid (Swamp:4)
  A wizard (Vaults:2)
  A tengu skeleton (Depths:2)
  A mana viper (Snake:2)
  A black mamba (Snake:4)
  4 bloated husks
  2 hornets (Swamp:4)
  A dire elephant simulacrum (Hell)
  2 orc warriors (Elf:2)
  An electric eel (Snake:2)
  An orc priest (Vaults:5)
  A hell rat (Depths:4)
  16 foxfires (Swamp:3)
38 creatures vanquished.

Grand Total: 2734 creatures vanquished

Notes
Turn   | Place    | Note
-------+----------+-------------------------------------------
     0 | D:1      | octothorp the Octopode Venom Mage began the quest for the
                  | Orb.
     0 | D:1      | Reached XP level 1. HP: 11/11 MP: 3/3
    95 | D:1      | Reached XP level 2. HP: 17/17 MP: 0/5
   424 | D:1      | Learned a level 2 spell: Poisonous Vapours
   615 | D:1      | Reached XP level 3. HP: 21/21 MP: 3/6
   646 | D:1      | Learned a level 3 spell: Mephitic Cloud
  1043 | D:2      | Found a shimmering altar of Xom.
  1657 | D:2      | Reached skill level 1 in Conjurations
  1657 | D:2      | Reached skill level 1 in Air Magic
  1657 | D:2      | Reached XP level 4. HP: 27/27 MP: 2/7
  1883 | D:3      | Found an iron altar of Okawaru.
  2002 | D:3      | Reached skill level 5 in Poison Magic
  2276 | D:3      | Reached XP level 5. HP: 31/31 MP: 8/8
  2699 | D:3      | Found a faded altar of an unknown god.
  3256 | D:4      | Reached XP level 6. HP: 28/36 MP: 5/9
  3556 | D:4      | Found a staircase to the Ecumenical Temple.
  3597 | Temple   | Entered the Ecumenical Temple
  3598 | Temple   | Upgraded the game from 0.31-a0-675-g238779eb0a to
                  | 0.31-a0-691-g409c26aa35
  3626 | Temple   | Became a worshipper of Ashenzari the Shackled
  3677 | D:4      | Noticed a black bear
  3795 | D:4      | Reached skill level 5 in Stealth
  3844 | D:4      | Noticed Edmund
  3871 | D:4      | Killed Edmund
  3872 | D:4      | Reached skill level 1 in Shields
  4063 | D:4      | Reached XP level 7. HP: 38/41 MP: 4/10
  4615 | D:5      | Entered Level 5 of the Dungeon
  4717 | D:5      | Noticed Menkaure
  4945 | D:5      | Reached XP level 8. HP: 33/46 MP: 6/13
  5044 | D:4      | Identified 3 scrolls of acquirement
  5044 | D:4      | Acquired the +0 hat of Terror {Will+ Regen+ Int+3}
  5051 | D:4      | Acquired the ring "Teppaher" {rElec rF+ rN+ Str-5 Int+7}
  5054 | D:4      | Acquired the Reference Book on Resurrection and Portals
  5066 | D:4      | Learned a level 3 spell: Swiftness
  5071 | D:4      | Learned a level 4 spell: Olgreb's Toxic Radiance
  5112 | D:4      | Reached skill level 1 in Fighting
  5319 | D:5      | Found a bloodstained altar of Trog.
  5493 | D:5      | Noticed Ijyb
  5501 | D:5      | Killed Ijyb
  5726 | D:5      | Killed Menkaure
  5737 | D:5      | Noticed Sigmund
  5831 | D:6      | Reached * piety under Ashenzari
  6180 | D:6      | Found Goufodi's Weapon Shoppe.
  6704 | D:6      | Reached XP level 9. HP: 61/61 MP: 9/14
  6978 | D:7      | Acquired the ring of Qifuosuq {*Slow rPois Will+ rCorr
                  | Int+6}
  7114 | D:6      | Reached skill level 5 in Fighting
  7240 | D:6      | Learned a level 2 spell: Ensorcelled Hibernation
  7241 | D:6      | Noticed a troll
  7241 | D:6      | Noticed a gargoyle
  7561 | D:7      | Reached ** piety under Ashenzari
  7868 | D:7      | Reached skill level 1 in Hexes
  8018 | D:5      | Killed Sigmund
  8227 | D:5      | Found Fotten's Distillery.
  8246 | D:5      | Bought a potion of haste for 130 gold pieces
  8246 | D:5      | Bought a potion of heal wounds for 65 gold pieces
  8246 | D:5      | Bought 2 potions of might for 104 gold pieces
  8536 | D:8      | Noticed Maggie
  8561 | D:8      | Killed Maggie
  8562 | D:8      | Reached skill level 1 in Ice Magic
  8619 | D:8      | Noticed a troll
  9255 | D:8      | Reached skill level 1 in Translocations
  9284 | D:8      | Killed a troll
  9327 | D:8      | Found a sacrificial altar of Ru.
  9327 | D:8      | Found a hazy altar of Hepliaklqana.
  9352 | D:8      | Reached XP level 10. HP: 72/72 MP: 18/18
  9645 | D:9      | Learned a level 4 spell: Iskenderun's Mystic Blast
  9715 | D:9      | Noticed Grum
  9720 | D:9      | Reached skill level 5 in Spellcasting
  9724 | D:9      | Killed Grum
 10320 | D:9      | Found a shimmering altar of Xom.
 10516 | D:9      | Learned a level 4 spell: Passage of Golubria
 10884 | D:9      | Reached XP level 11. HP: 78/78 MP: 23/23
 11434 | D:9      | Reached skill level 5 in Dodging
 11472 | D:9      | Noticed a three-headed hydra
 11482 | D:9      | Killed a three-headed hydra
 11626 | D:10     | Entered Level 10 of the Dungeon
 12048 | D:10     | Reached *** piety under Ashenzari
 12397 | D:10     | Found a staircase to the Lair.
 12490 | D:10     | Reached skill level 1 in Short Blades
 12857 | D:10     | Learned a level 4 spell: Dispel Undead
 12963 | D:10     | Reached skill level 1 in Necromancy
 13321 | D:10     | Found a basalt altar of Yredelemnul.
 13792 | Lair:1   | Entered Level 1 of the Lair of Beasts
 13808 | Lair:1   | Reached XP level 12. HP: 72/85 MP: 20/25
 13810 | Lair:1   | Reached skill level 5 in Short Blades
 14162 | Lair:1   | You fall into a shaft and drop 1 floor!
 15085 | Lair:2   | Noticed Sonja
 15091 | Lair:2   | Killed Sonja
 15610 | Lair:2   | Noticed a skyshark
 15745 | Lair:2   | Killed a skyshark
 16072 | Lair:2   | Reached skill level 10 in Dodging
 16086 | Lair:2   | Found a staircase to the Snake Pit.
 16144 | Lair:3   | Reached XP level 13. HP: 95/95 MP: 27/27
 16217 | Lair:3   | Found a staircase to the Swamp.
 16326 | Lair:3   | Reached **** piety under Ashenzari
 16852 | D:11     | Reached skill level 10 in Stealth
 16858 | D:11     | Reached skill level 10 in Fighting
 17194 | D:11     | Found a staircase to the Orcish Mines.
 17622 | Orc:1    | Entered Level 1 of the Orcish Mines
 17641 | Orc:1    | Reached skill level 1 in Evocations
 17738 | Orc:1    | Learned a level 3 spell: Confusing Touch
 18200 | Orc:2    | Entered Level 2 of the Orcish Mines
 18683 | Orc:2    | Found a staircase to the Elven Halls.
 18870 | Orc:2    | Found a radiant altar of Vehumet.
 19478 | Orc:2    | Reached skill level 5 in Evocations
 19772 | Orc:2    | Found Xitim's Antique Weapon Shoppe.
 19772 | Orc:2    | Found Mablessa's Armour Boutique.
 19773 | Orc:2    | Reached XP level 14. HP: 78/108 MP: 13/29
 19877 | Orc:2    | Found Watoanie's Armour Boutique.
 19877 | Orc:2    | Found Lusaxt's Armour Shoppe.
 20813 | Lair:4   | Reached ***** piety under Ashenzari
 21050 | Lair:5   | Entered Level 5 of the Lair of Beasts
 21192 | Lair:5   | Learned a level 6 spell: Death Channel
 21263 | Lair:5   | Reached skill level 5 in Air Magic
 21327 | Lair:5   | Gained mutation: You are clumsy. (Dex -2) [potion of
                  | mutation]
 21328 | Lair:5   | Lost mutation: You are clumsy. (Dex -2) [potion of
                  | mutation]
 21328 | Lair:5   | Gained mutation: You do not regenerate when monsters are
                  | visible. [potion of mutation]
 21328 | Lair:5   | Gained mutation: Your flesh is cold resistant. (rC+)
                  | [potion of mutation]
 21328 | Lair:5   | Gained mutation: You are robust. (+10% HP) [potion of
                  | mutation]
 21328 | Lair:5   | Gained mutation: Your spells are a little harder to cast,
                  | but a little more powerful. [potion of mutation]
 21335 | Lair:5   | Found a viscous altar of Jiyva.
 21338 | Lair:5   | Found a staircase to the Slime Pits.
 21518 | Lair:5   | Reached skill level 5 in Hexes
 21539 | Lair:5   | Reached skill level 10 in Poison Magic
 21721 | Lair:5   | Reached skill level 1 in Shapeshifting
 21733 | Lair:5   | Reached XP level 15. HP: 117/127 MP: 10/31
 21751 | Lair:5   | Found a white marble altar of Elyvilon.
 21790 | Lair:5   | Found a shimmering altar of Xom.
 22212 | Snake:1  | Entered Level 1 of the Snake Pit
 22729 | Snake:1  | Reached skill level 5 in Shapeshifting
 22768 | Snake:1  | Noticed Jorgrun
 22776 | Snake:1  | Killed Jorgrun
 23328 | Snake:2  | Found Wuremy's Armour Emporium.
 23334 | Snake:2  | Found Yhisk's Book Emporium.
 23473 | Snake:2  | Noticed Aizul
 23503 | Snake:2  | Learned a level 5 spell: Freezing Cloud
 23663 | Snake:1  | Noticed Louise
 24208 | Snake:1  | Reached skill level 1 in Unarmed Combat
 24520 | Snake:1  | Killed Louise
 24754 | Snake:2  | Killed Aizul
 24822 | Snake:2  | Identified the cursed +2 dagger "Visionary Anxiety" {speed,
                  | Self, Alch} (You took it off a goblin on level 2 of the
                  | Dungeon)
 25351 | Snake:2  | Noticed Frances
 26229 | Swamp:1  | Entered Level 1 of the Swamp
 26395 | Swamp:1  | Reached XP level 16. HP: 125/132 MP: 28/33
 26574 | Snake:2  | Noticed Azrael
 27105 | D:12     | Identified the +3 falchion of the Fuzzy God {freeze, Int+4
                  | Dex+3}
 27122 | D:12     | Reached skill level 5 in Unarmed Combat
 27499 | D:12     | Identified the +3 mace of the Distant Future {flame, Str+3}
 27830 | D:13     | Noticed Josephine
 27838 | D:13     | Killed Josephine
 27887 | D:13     | Found a runed translucent gate.
 27890 | D:13     | Found a runed translucent gate.
 27891 | D:13     | Found a runed translucent gate.
 27892 | D:13     | Noticed Kaz Ciaw's ghost (journeyman TrSh)
 28581 | D:14     | Reached skill level 10 in Spellcasting
 28962 | D:14     | Found an ancient bone altar of Kikubaaqudgha.
 29879 | D:14     | Found a gate to the Vaults.
 29994 | D:15     | Entered Level 15 of the Dungeon
 30219 | D:15     | Reached skill level 10 in Shapeshifting
 30384 | D:15     | Found a staircase to the Depths.
 30544 | D:15     | Noticed Nessos
 30619 | D:15     | Killed Nessos
 31142 | Snake:2  | Killed Frances
 31649 | Snake:3  | Reached XP level 17. HP: 135/135 MP: 30/35
 32382 | Snake:4  | Entered Level 4 of the Snake Pit
 32831 | Snake:4  | Found Obleemij's Antique Weapon Shoppe.
 33051 | Snake:4  | Reached skill level 10 in Unarmed Combat
 33303 | Snake:4  | Found Mias's Magic Scroll Emporium.
 33308 | Snake:4  | Bought a scroll of silence for 171 gold pieces
 33308 | Snake:4  | Bought a scroll of teleportation for 54 gold pieces
 33308 | Snake:4  | Bought 2 scrolls of fear for 144 gold pieces
 34471 | Snake:4  | Reached XP level 18. HP: 141/141 MP: 6/37
 34842 | Snake:4  | Learned a level 7 spell: Enfeeble
 34922 | Snake:4  | Got a serpentine rune of Zot
 36925 | Swamp:2  | Acquired the +3 warlock's mirror {omnireflect}
 36925 | Swamp:2  | Found the +3 warlock's mirror {omnireflect}
 38016 | Swamp:3  | Noticed Mlioglotl
 38144 | Swamp:3  | Killed Mlioglotl
 39330 | Swamp:3  | Noticed a tentacled monstrosity
 39363 | Swamp:3  | Killed a tentacled monstrosity
 40112 | D:13     | Killed Kaz Ciaw's ghost
 40335 | Swamp:4  | Entered Level 4 of the Swamp
 40492 | Swamp:3  | Reached XP level 19. HP: 126/148 MP: 22/38
 40610 | Swamp:3  | Reached skill level 15 in Shapeshifting
 40937 | Swamp:3  | Reached XP level 20. HP: 157/157 MP: 18/39
 40944 | Swamp:3  | Learned a level 5 spell: Irradiate
 41050 | Swamp:4  | Found a runed translucent door.
 41055 | Swamp:4  | Noticed sastreii's ghost (journeyman DrHu)
 41055 | Swamp:4  | Identified the +1 scale mail of the Gate {Rampage}
 41072 | Swamp:4  | Killed sastreii's ghost
 41832 | Swamp:4  | Reached skill level 5 in Transmutations
 42120 | Swamp:4  | Noticed the 27-headed Lernaean hydra
 42130 | Swamp:4  | Killed the 27-headed Lernaean hydra
 42211 | Swamp:4  | Got a decaying rune of Zot
 42527 | Elf:1    | Entered Level 1 of the Elven Halls
 42527 | Elf:1    | Identified the +5 flail of Sunlight {protect, *Slow rPois
                  | rN+}
 42527 | Elf:1    | Identified the +5 chain mail of the Buccaneer {Int+3}
 42991 | Elf:1    | Noticed Kirke
 43002 | Elf:1    | Killed Kirke
 43598 | Elf:2    | Reached skill level 5 in Necromancy
 43740 | Elf:2    | Noticed Saint Roka
 43759 | Elf:2    | Killed Saint Roka
 43923 | Elf:2    | Reached XP level 21. HP: 164/165 MP: 12/40
 44113 | Elf:2    | Acquired the Monograph on the Squall
 44257 | Elf:2    | Found a runed translucent gate.
 44257 | Elf:2    | Found a runed translucent gate.
 44257 | Elf:2    | Found a runed translucent gate.
 45356 | Elf:3    | Entered Level 3 of the Elven Halls
 45474 | Elf:3    | Found Ihemaq's Magic Scroll Shop.
 45484 | Elf:3    | Bought a scroll of summoning for 114 gold pieces
 45572 | Elf:3    | Upgraded the game from 0.31-a0-691-g409c26aa35 to
                  | 0.31-a0-700-gf13585253f
 45782 | Elf:3    | Paralysed by an air elemental for 1 turns
 47494 | Elf:3    | Identified the ring "Narisoyc" {Fire *Slow +Blink rN+++
                  | Dex-3}
 47967 | Elf:3    | Identified the staff "Yproqueg" {rC+ rN+ Str+3 Ice}
 47990 | Elf:3    | Reached skill level 15 in Unarmed Combat
 48113 | Elf:3    | Found the +3 pair of seven-league boots {Rampage+∞}
 48474 | Vaults:1 | Entered Level 1 of the Vaults
 48798 | Vaults:1 | Found Kuidghote's Magic Scroll Emporium.
 48806 | Vaults:1 | Bought a scroll of teleportation for 33 gold pieces
 48806 | Vaults:1 | Bought a scroll of summoning for 104 gold pieces
 48806 | Vaults:1 | Bought a scroll of teleportation for 33 gold pieces
 48854 | Vaults:1 | Identified the Annotations on Pneumatic Metal
 48868 | Vaults:1 | Reached XP level 22. HP: 165/176 MP: 16/41
 48909 | Vaults:1 | Identified the Atlas of the Tropics and Poison
 51814 | Vaults:2 | Learned a level 6 spell: Eringya's Noxious Bog
 52426 | Vaults:3 | Found a staircase to the Crypt.
 52961 | Vaults:3 | Reached XP level 23. HP: 183/183 MP: 13/42
 53786 | Vaults:4 | Found a magical portal.
 53797 | WizLab   | Entered Wucad Mu's Monastery
 53860 | WizLab   | Found the crystal ball of Wucad Mu {*channel}
 54549 | Vaults:4 | Found Cononga's Weapon Shoppe.
 54757 | Vaults:4 | Noticed Xtahua
 54765 | Vaults:4 | Reached skill level 15 in Dodging
 54769 | Vaults:4 | Killed Xtahua
 55119 | Vaults:4 | Reached XP level 24. HP: 194/194 MP: 42/42
 55935 | Depths:1 | Entered Level 1 of the Depths
 55935 | Depths:1 | Found Jitesch's Demolitions Depot.
 56157 | Depths:1 | Found a portal to a secret trove of treasure.
 56212 | Depths:1 | Found a gateway to Hell.
 56519 | Depths:1 | Identified the +0 leather armour "Matumn" {Dex+2}
 56520 | Depths:1 | Identified the staff "Hylauffu" {*Slow rPois rC+ Int+4
                  | Poison}
 56527 | Depths:1 | Found the amulet of the Air {Inacc Air Fly rElec RMsl}
 56557 | Depths:1 | Noticed Nikola
 56571 | Depths:1 | Killed Nikola
 56925 | Depths:1 | Bought a manual of Evocations for 1120 gold pieces
 56925 | Depths:1 | Bought a wand of acid (4) for 235 gold pieces
 56925 | Depths:1 | Bought a wand of iceblast (7) for 235 gold pieces
 56925 | Depths:1 | Bought a wand of iceblast (2) for 67 gold pieces
 56925 | Depths:1 | Bought a wand of iceblast (1) for 33 gold pieces
 57413 | Depths:2 | Reached XP level 25. HP: 201/201 MP: 38/42
 57533 | Depths:2 | Reached skill level 15 in Fighting
 58041 | Depths:2 | Found a one-way gateway to a ziggurat.
 58141 | Depths:2 | Found Sucaa's Antique Armour Shoppe.
 58186 | Depths:2 | Found a one-way gate leading to the halls of Pandemonium.
 58521 | Depths:2 | Found a stormy altar of Qazlal.
 58727 | Depths:2 | Found the +6 Majin-Bo {spellvamp, MP+6 Int+6}
 58828 | Depths:3 | Noticed the Enchantress
 58835 | Depths:3 | Killed the Enchantress
 59131 | Depths:3 | Found a corrupted altar of Lugonu.
 59131 | Depths:3 | Found a one-way gate to the infinite horrors of the Abyss.
 59766 | Depths:4 | Entered Level 4 of the Depths
 60510 | Depths:4 | Found a gate to the Realm of Zot.
 60713 | Depths:4 | Reached XP level 26. HP: 178/215 MP: 9/42
 61588 | Depths:4 | Identified the +3 whip "Cemacent" {freeze, Fly rN+++ Str-3
                  | Int-4}
 61623 | Depths:4 | Identified the +12 war axe of the Ghost {heavy, rElec}
 62135 | Depths:4 | Noticed an ancient lich
 62144 | Depths:4 | Killed an ancient lich
 62232 | Hell     | Entered the Vestibule of Hell
 62232 | Hell     | Noticed Geryon
 62250 | Depths:4 | Gained mutation: You occasionally lose the ability to drink
                  | potions when taking damage. [mutagenic glow]
 62264 | Depths:4 | Gained mutation: You occasionally shout uncontrollably at
                  | your foes. [mutagenic glow]
 62299 | Depths:4 | Gained mutation: You are partially covered in iridescent
                  | scales. (AC +2) [mutagenic glow]
 62575 | Depths:4 | Lost mutation: You are robust. (+10% HP) [potion of
                  | mutation]
 62575 | Depths:4 | Lost mutation: You do not regenerate when monsters are
                  | visible. [potion of mutation]
 62575 | Depths:4 | Lost mutation: You occasionally shout uncontrollably at
                  | your foes. [potion of mutation]
 62575 | Depths:4 | Gained mutation: You are frail. (-10% HP) [potion of
                  | mutation]
 62576 | Depths:4 | Lost mutation: Your spells are a little harder to cast, but
                  | a little more powerful. [potion of mutation]
 62576 | Depths:4 | Lost mutation: You are partially covered in iridescent
                  | scales. (AC +2) [potion of mutation]
 62576 | Depths:4 | Lost mutation: You are frail. (-10% HP) [potion of
                  | mutation]
 62576 | Depths:4 | Lost mutation: You occasionally lose the ability to drink
                  | potions when taking damage. [potion of mutation]
 62576 | Depths:4 | Gained mutation: You expend magic power (3 MP) to
                  | strengthen your wands. [potion of mutation]
 62992 | Crypt:1  | Entered Level 1 of the Crypt
 63766 | Crypt:1  | Reached skill level 10 in Necromancy
 64431 | Crypt:1  | Noticed Zenata
 64642 | Crypt:1  | Killed Zenata
 65229 | Crypt:2  | Found a runed translucent gate.
 65229 | Crypt:2  | Found a runed translucent gate.
 65229 | Crypt:2  | Found a runed translucent gate.
 65343 | Crypt:2  | Learned a level 8 spell: Infestation
 66159 | Crypt:2  | Found a runed translucent door.
 66164 | Crypt:2  | Noticed Dassydak's ghost (adept GrFi)
 66196 | Crypt:2  | Killed Dassydak's ghost
 66394 | Crypt:3  | Entered Level 3 of the Crypt
 66831 | Crypt:3  | Reached XP level 27. HP: 203/203 MP: 36/45
 67040 | Crypt:3  | Identified the +7 halberd "Giant's Regret" {spect, MP+9
                  | Dex-3 SInv Stlth+}
 67514 | Crypt:3  | Found a staircase to the Tomb.
 67514 | Crypt:3  | Noticed an ancient lich
 67526 | Crypt:3  | Killed an ancient lich
 67635 | Crypt:3  | Found an ancient bone altar of Kikubaaqudgha.
 67649 | Crypt:3  | Noticed a dread lich
 67660 | Crypt:3  | Identified the +6 flail of Yniree {speed, rF- Will+++
                  | Str+5}
 67660 | Crypt:3  | Killed a dread lich
 67684 | Crypt:3  | Noticed a dread lich
 67690 | Crypt:3  | Killed a dread lich
 67994 | Vaults:5 | Entered Level 5 of the Vaults
 67998 | Vaults:5 | Reached skill level 15 in Spellcasting
 69529 | Vaults:5 | Got a silver rune of Zot
 69605 | Vaults:5 | Identified the +6 dire flail of the Sage {venom, Int+2
                  | Dex+2}
 69792 | Vaults:5 | Identified the +4 rapier of the Tomato {heavy, Fly rN+
                  | Will+}
 69810 | Vaults:5 | Reached skill level 5 in Ice Magic
 69904 | Vaults:5 | Identified the orb of Hepliaklqana, Teaching {*channel,
                  | rCorr}
 69991 | Vaults:5 | Identified the ring of Juroifod {Contam rN++ rCorr MP+9
                  | Int+3}
 70007 | Vaults:5 | Identified the amulet "Pipniarch" {Faith *Corrode Regen+
                  | Dex+2}
 70375 | Vaults:5 | Identified the +7 rapier "Killer Bee's Foe" {elec, rPois}
 70459 | Vaults:5 | Identified the Atlas of Viridian Creation
 70587 | Vaults:5 | Identified the +3 rapier "Huchiob" {heavy, *Slow rF+++
                  | Dex+6 SInv}
 71038 | Depths:2 | Bought a runed kite shield for 217 gold pieces
 71314 | Depths:4 | Reached skill level 5 in Shields
 71451 | Hell     | Killed Geryon
 71611 | Hell     | Found a gateway to the Iron City of Dis.
 71650 | Hell     | Found a gateway to the freezing wastes of Cocytus.
 71664 | Hell     | Paralysed by a wendigo for 1 turns
 71734 | Hell     | Found a gateway to the decaying netherworld of Tartarus.
 71786 | Hell     | Found a gateway to the ashen valley of Gehenna.
 71915 | Depths:1 | You paid a toll of the horn of Geryon to enter a treasure
                  | trove
 71916 | Trove    | Entered a treasure trove
 71918 | Trove    | Identified the ring "Toinipn" {rF+ rC- rN+ Str+6}
 71918 | Trove    | Identified the ring of the Princess {Will+ Slay+4}
 71918 | Trove    | Identified the ring of Sunlight {Fly rElec rN+ EV+5 Int-2}
 71989 | Depths:1 | Upgraded the game from 0.31-a0-700-gf13585253f to
                  | 0.31-a0-702-gf82c85558f
 72218 | Slime:1  | Entered Level 1 of the Pits of Slime
 72357 | Slime:3  | Noticed Dissolution
 72366 | Slime:3  | Killed Dissolution
 72558 | Slime:4  | Reached skill level 10 in Shields
 72559 | Slime:5  | Entered Level 5 of the Pits of Slime
 72983 | Slime:5  | Paralysed by a floating eye for 2 turns
 72997 | Slime:5  | Noticed the Royal Jelly
 73016 | Slime:5  | Killed the Royal Jelly
 73159 | Slime:5  | Identified the amulet of the Moon {Reflect rF+ Str+2 SH+5}
 73300 | Slime:5  | Identified the staff of Urgency {rElec rPois Will+ Dex-3
                  | Conj}
 73301 | Slime:5  | Identified the ring of Mytioskirui {+Blink rElec AC+4}
 73302 | Slime:5  | Identified the +3 orcbow of Domination {freeze, rPois rN+}
 73348 | Slime:5  | Got a slimy rune of Zot
 73845 | Zot:1    | Entered Level 1 of the Realm of Zot
 73870 | Zot:1    | Noticed an orb of fire
 73874 | Zot:1    | Gained mutation: You have hidden genetic defects. [an orb
                  | of fire]
 73878 | Zot:1    | Killed an orb of fire
 74250 | Zot:2    | Acquired the ring "Siko" {rPois Str+4 Int+6 Slay+3}
 74361 | Zot:2    | Gained mutation: You occasionally shout uncontrollably at
                  | your foes. [hidden defects]
 74755 | Zot:3    | Noticed Parghit
 74761 | Zot:3    | Killed Parghit
 74966 | Zot:3    | Gained mutation: You frequently scream uncontrollably at
                  | your foes. [hidden defects]
 74966 | Zot:3    | Lost mutation: You have hidden genetic defects. [hidden
                  | defects expressed]
 75120 | Zot:3    | Noticed an orb of fire
 75147 | Zot:3    | Identified the +8 battleaxe of the Pariah {flame, rN+ Int+2
                  | Dex+3}
 76053 | Zot:4    | Identified the +0 quarterstaff of Myisaech {speed, rC+ rN+
                  | Str-2 Dex+5}
 76635 | Depths:4 | Voluntarily entered the Abyss.
 76692 | Abyss:1  | Found a corrupted altar of Lugonu.
 76805 | Depths:4 | Escaped the Abyss
 76880 | Depths:4 | Voluntarily entered the Abyss.
 76880 | Abyss:1  | Found a corrupted altar of Lugonu.
 76948 | Abyss:1  | Noticed a dread lich
 77522 | Abyss:3  | Found a glowing golden altar of the Shining One.
 77551 | Abyss:3  | Noticed a juggernaut
 77558 | Abyss:3  | Killed a juggernaut
 77563 | Abyss:3  | Got an abyssal rune of Zot
 77579 | Depths:4 | Escaped the Abyss
 77683 | Depths:2 | Learned a level 6 spell: Dispersal
 77877 | Zot:5    | Entered Level 5 of the Realm of Zot
 78059 | Zot:5    | Reached skill level 5 in Translocations
 78090 | Zot:5    | Noticed a dread lich
 78096 | Zot:5    | Killed a dread lich
 78106 | Zot:5    | Noticed an orb of fire
 78106 | Zot:5    | Noticed a dread lich
 78106 | Zot:5    | Noticed a dread lich
 78110 | Zot:5    | Noticed an orb of fire
 78442 | Zot:5    | Killed an orb of fire
 78464 | Zot:5    | Killed a dread lich
 78532 | Zot:5    | Gained mutation: Your magical capacity is low. (-10% MP)
                  | [an orb of fire]
 78738 | Zot:5    | Gained mutation: You sometimes lose your temper in combat.
                  | [an orb of fire]
 78746 | Zot:5    | Noticed an orb of fire
 78753 | Zot:5    | Killed an orb of fire
 78762 | Zot:5    | Killed an orb of fire
 78821 | Zot:5    | Noticed an orb of fire
 78822 | Zot:5    | Killed a dread lich
 78832 | Zot:5    | Noticed an orb of fire
 78859 | Zot:5    | Killed an orb of fire
 78878 | Zot:5    | Gained mutation: You are vulnerable to heat. (rF-) [an orb
                  | of fire]
 78886 | Zot:5    | Killed an orb of fire
 78921 | Zot:5    | Noticed an orb of fire
 78969 | Zot:5    | Gained mutation: Your spells are a little easier to cast,
                  | but a little less powerful. [an orb of fire]
 78972 | Zot:5    | Killed an orb of fire
 78980 | Zot:5    | Lost mutation: You are vulnerable to heat. (rF-) [potion of
                  | mutation]
 78980 | Zot:5    | Lost mutation: You frequently scream uncontrollably at your
                  | foes. [potion of mutation]
 78980 | Zot:5    | Lost mutation: Your flesh is cold resistant. (rC+) [potion
                  | of mutation]
 78980 | Zot:5    | Gained mutation: Your mind is acute. (Int +4, Str/Dex -1)
                  | [potion of mutation]
 78980 | Zot:5    | Gained mutation: You are frail. (-10% HP) [potion of
                  | mutation]
 78980 | Zot:5    | Gained mutation: You are covered in fur. (AC +1) [potion of
                  | mutation]
 78980 | Zot:5    | Lost mutation: You sometimes lose your temper in combat.
                  | [potion of mutation]
 78981 | Zot:5    | Lost mutation: You occasionally shout uncontrollably at
                  | your foes. [potion of mutation]
 78981 | Zot:5    | Lost mutation: You are frail. (-10% HP) [potion of
                  | mutation]
 78981 | Zot:5    | Gained mutation: You are somewhat resistant to further
                  | mutation. [potion of mutation]
 79076 | Zot:5    | Noticed an ancient lich
 79090 | Zot:5    | Killed an ancient lich
 79182 | Zot:5    | Got the Orb of Zot
 79749 | D:$      | Escaped with the Orb!

Illustrated notes

Levels and vault maps discovered:
D:1:      dpeg_arrival_rhombus, layout_basic
D:2:      layout_basic, basic_altar
D:3:      minmay_bubble_buster, layout_rooms, okawaru_altar_gauntlet_db,
          shapermc_ecumenical_altar_mp_highgroup, minivault_27
D:4:      cheibrodos_fertilizer, layout_cave_pools,
          minmay_temple_entry_gardened_gates, uniq_edmund
D:5:      layout_cave_pools, trog_ov_bears_minmay, serial_shops,
          nicolae_shop_advertising_works [nicolae_subvault_shop_adworks],
          minivault_5, minivault_19, uniq_sigmund, uniq_ijyb, uniq_menkaure
D:6:      minmay_klotski, layout_loops_corners, serial_shops, shop,
          minmay_misc_feat_rugged, hangedman_abyss_or_decor_stagger
D:7:      layout_cave_pods
D:8:      layout_layer_cave, gammafunk_temple_overflow_pools, uniq_maggie
D:9:      layout_basic, led_xom_imps, grunt_decor_cap, minmay_misc_feat_five,
          hangedman_ranch, uniq_grum
D:10:     layout_gridville, nicolae_yredelemnul_corpse_copse, lair_entry_dummy
D:11:     layout_cave_pods, hiddenorc1_lemuel, minmay_misc_feat_ornament
D:12:     layout_basic, grunt_decor_clamped
D:13:     layout_cave_pods, gammafunk_ghost_spectres, kennysheep_path_1,
          uniq_josephine
D:14:     layout_loops_cross, lightli_vaults_fourway_checkpoint,
          nicolae_kikubaaqudgha_miasma_corner
D:15:     grunt_enter_depths_giant_problem, layout_rooms, serial_aquarium,
          aquarium_bridge_straight [aquarium_subvault_bridge,
          aquarium_subvault_wall, aquarium_subvault_bridge,
          aquarium_subvault_window], aquarium_window_1, aquarium_window_2,
          aquarium_window_fake, aquarium_window_3, aquarium_view_2g,
          aquarium_pool_five, uniq_nessos
Temple:   kb_temple_of_zot
Lair:1:   layout_cave_pods
Lair:2:   layout_loops_ring, minmay_snake_entry_guardpost_medium,
          lemuel_fruit_fields, uniq_sonja
Lair:3:   layout_regular_city, minmay_swamp_entry_swarm
Lair:4:   layout_cave_pods
Lair:5:   minmay_lair_end_frog_pond, layout_long_grid, dpeg_slime_entry_corner,
          basic_altar, lemuel_centaur_altar
Swamp:1:  nicolae_swamp_flooded_prison, layout_basic_swamp,
          portal_ice_cave_entry_dragon, serial_swamp_ruin,
          evilmike_swamp_ruin_house_1, evilmike_swamp_ruin_rubble_1,
          evilmike_swamp_ruin_house_4
Swamp:2:  layout_falls_marsh, nicolae_swamp_round_clearing
Swamp:3:  cheibrodos_swamp_monstrosity, layout_falls_marsh,
          hangedman_swamp_ruin_wall, st_swamp_ruins_1, uniq_mlioglotl
Swamp:4:  grunt_swamp_rune_castle, layout_basic_swamp,
          ebering_ghost_reflecting_pool
Snake:1:  layout_gridlike, grunt_megastairs_5, uniq_louise, uniq_jorgrun
Snake:2:  layout_onion_interference, serial_bayou_shore_a, minmay_shop_star,
          uniq_azrael, uniq_frances, uniq_aizul
Snake:3:  layout_gridlike, nicolae_snake_snakewalk
Snake:4:  snake_pit_salamanders_mu, layout_rooms, minmay_shoptagon
Slime:1:  layout_caves
Slime:2:  layout_caves
Slime:3:  layout_caves, uniq_dissolution
Slime:4:  layout_caves, cheibrodos_slime_lost_civilization_5
Slime:5:  slime_pit_nicolae_trefoil
Orc:1:    layout_caves
Orc:2:    grunt_orc_tribal_feast, layout_caves, basic_altar,
          kennysheep_orc_chapel
Elf:1:    minmay_elf_arrival_plus, layout_geoelf_grid, minivault_28,
          nicolae_elf_big_sculpture_1, st_stairs_10, drop_trap, uniq_kirke
Elf:2:    nicolae_elf_blades_splatter_lattice [nooodl_blade_entry_preview],
          layout_geoelf_diagonals, uniq_saint_roka
Elf:3:    elf_hall_gauntlet_narrow, layout_gridlike, serial_shops,
          nicolae_shop_hallway_plus
Vaults:1: nicolae_vaults_library_corner, v_pattern_2, nicolae_vaults_what_the_h,
          v_alt_pattern_1, nicolae_vaults_trapezoid_4,
          nicolae_vaults_angled_halls, hangedman_vaults_unwind,
          hangedman_vaults_cutoff, nicolae_vaults_tangram_1,
          nicolae_vaults_trapezoid_lopsided_1, layout_vaults_maze_snakey,
          serial_shops, shop
Vaults:2: ontoclasm_vaults_twist, vaults_dpeg_encased_lava, v_misc_11,
          vaults_dpeg_cross, vaults_room_large_hall, hangedman_vaults_slither,
          nicolae_vaults_ring_of_whatevers, nicolae_vaults_closet_pinwheel_3,
          v_pattern_4, nicolae_vaults_specimen_jars, vaults_dpeg_diagonal,
          dpeg_vaults_monster_row, nicolae_vaults_trapezoid_lopsided_3,
          layout_vaults_omnicross
Vaults:3: vaults_room_hallway, hangedman_vaults_variations,
          blue_anna_dwarven_crypt, v_alt_pattern_4, nicolae_vaults_network_s,
          grunt_vaults_twisty, v_misc_18, ontoclasm_vaults_idyll, v_misc_30,
          vaults_room_corners, nicolae_vaults_tetromino_L_1,
          nicolae_vaults_storage_room_doors, layout_vaults_chaotic_city
Vaults:4: mu_enter_wizlab_1, hangedman_vaults_maws, v_rooms_4, v_misc_4,
          nicolae_vaults_turnstiles, v_misc_23, v_misc_9, v_misc_31,
          nicolae_vaults_little_squares_4, layout_vaults_quadrants,
          serial_shops, nicolae_shop_peninsula, uniq_xtahua
Vaults:5: serial_shops
Crypt:1:  layout_basic, uniq_zenata
Crypt:2:  layout_regular_city, ebering_ghost_inner_flame, pandoras_box_mu,
          roderic_lattice_octagonal_star
Crypt:3:  quadcrypt_mu
Depths:1: layout_cave_pools, grunt_hell_entry_dis_mu,
          nicolae_concentric_dashed_squares_wild, enter_trove_1,
          nicolae_blasting_shop, columned_hall_lemuel, minmay_protected_statue,
          serial_bayou_shore_b, uniq_nikola
Depths:2: minmay_guarded_unrand_majin_bo, layout_cross, enter_ziggurat_a,
          serial_co_window_serial, co_window_corner_a, co_window_corner_a,
          co_window_corner_a, co_window_corner_a, co_window_cross_1,
          co_window_broadway_b, co_window_corner_b, co_window_2corner,
          co_window_paths_c, co_window_of_opportunity_b,
          co_window_unsneaky_path_d, co_window_2corner, serial_shops,
          nicolae_shop_stone, pan_entry, nicolae_qazlal_scattered_showers,
          hell_entry, infiniplex_staircase_zigzag_3
Depths:3: nicolae_cairo_tiling_large_dashed, layout_twisted_cross, hell_entry,
          abyss_entry_flame_altar, hangedman_abyss_or_decor_slice,
          infiniplex_staircase_river, serial_bayou_shore_b, uniq_enchantress
Depths:4: hangedman_pleasuredromes, abyss_entry, hell_entry
Hell
Zot:1:    layout_cellular_growth, hangedman_zot_decor_slant
Zot:2:    layout_cathedral_of_symmetry, grunt_megastairs_2
Zot:3:    layout_onion, zot_minivault_6, lemuel_elevator, uniq_parghit
Zot:4:    minmay_elemental_castle, layout_concentric_octagons, st_stairs_4
Zot:5:    layout_misc_corridors

Skill      XL: |  1  2  3  4  5  6  7  8  9 10 11 12 13 14 15 16 17 18 19 20 21 22 23 24 25 26 27 |
---------------+----------------------------------------------------------------------------------+-----
Stealth        | 3 4 5 9 12 | 12.2
Poison Magic   | 4 5 7 8 10 12 | 12.0
Conjurations   | 1 2 3 4 |  4.0
Air Magic      | 1 2 3 4 5 7 |  7.7
Shields        | 1 3 4 10 | 10.0
Spellcasting   | 3 4 6 7 9 11 14 17 | 17.0
Fighting       | 4 6 9 10 11 12 13 14 17 18 | 18.1
Hexes          | 2 5 8 |  8.0
Ice Magic      | 2 4 7 |  7.7
Translocations | 2 3 6 |  6.7
Dodging        | 3 8 10 11 12 13 16 19 20 | 20.2
Short Blades   | 4 6 |  6.0
Necromancy     | 4 6 9 11 13 | 13.9
Evocations     | 6 7 |  7.7
Shapeshifting  | 2 8 10 11 14 15 23 | 23.3
Unarmed Combat | 4 8 11 13 15 18 19 21 22 23 | 23.3
Transmutations | 7 |  7.7

Action                     |  1- 3 |  4- 6 |  7- 9 | 10-12 | 13-15 | 16-18 | 19-21 | 22-24 | 25-27 || total
---------------------------+-------+-------+-------+-------+-------+-------+-------+-------+-------++-------
  Melee: Unarmed           |    36 |       |       |       |    99 |   794 |   616 |   746 |  2478 ||  4769
         Constrict         |    11 |    27 |    28 |    26 |    74 |   149 |   125 |   130 |   282 ||   852
         Tentacles         |    11 |    21 |    49 |    66 |   150 |     6 |       |       |   178 ||   481
         Punch             |     2 |       |     3 |     6 |    11 |       |       |       |   258 ||   280
         Dagger            |    11 |    97 |   162 |   223 |   406 |    18 |       |       |       ||   917
  Throw: Boomerang         |       |       |     7 |     5 |     2 |       |       |       |       ||    14
   Cast: Sting             |    41 |    33 |    64 |    26 |    28 |       |       |       |       ||   192
         Poisonous Vapours |     7 |    43 |    53 |    42 |    24 |       |       |       |       ||   169
         Mephitic Cloud    |       |       |    16 |    25 |    33 |    13 |    20 |    18 |    15 ||   140
         Olgreb's Toxic Ra |       |       |     1 |    22 |    76 |    24 |    12 |    14 |    18 ||   167
         Ensorcelled Hiber |       |       |     1 |    30 |    20 |       |       |       |       ||    51
         Iskenderun's Myst |       |       |       |    54 |     9 |    21 |     9 |     2 |       ||    95
         Dispel Undead     |       |       |       |    12 |     3 |     9 |     3 |     2 |     5 ||    34
         Confusing Touch   |       |       |       |       |    24 |     3 |       |       |       ||    27
         Swiftness         |       |       |       |       |     2 |       |     4 |     1 |     8 ||    15
         Death Channel     |       |       |       |       |    15 |    19 |    11 |    13 |    43 ||   101
         Freezing Cloud    |       |       |       |       |    30 |   170 |    61 |    50 |    68 ||   379
         Passage of Golubr |       |       |       |       |       |     1 |       |       |     2 ||     3
         Enfeeble          |       |       |       |       |       |    11 |    21 |     1 |     9 ||    42
         Irradiate         |       |       |       |       |       |       |     6 |    16 |    70 ||    92
         Eringya's Noxious |       |       |       |       |       |       |       |    12 |     9 ||    21
         Infestation       |       |       |       |       |       |       |       |       |    38 ||    38
         Dispersal         |       |       |       |       |       |       |       |       |     1 ||     1
 Invoke: Curse Item        |       |       |     4 |     2 |     5 |     1 |       |     1 |     3 ||    16
         Shatter the Chain |       |       |       |       |       |     1 |     1 |       |     4 ||     6
Ability: Begin Untransform |       |       |       |       |       |     1 |       |       |       ||     1
         Blinkbolt         |       |       |       |       |       |       |       |       |     7 ||     7
  Evoke: Wand              |       |       |    22 |    13 |    23 |     9 |     5 |    13 |    22 ||   107
         Phantom mirror    |       |       |       |       |       |       |       |       |     2 ||     2
         Lightning rod     |       |       |       |       |       |       |       |       |     3 ||     3
         Sack of spiders   |       |       |       |       |       |       |       |       |     1 ||     1
    Use: Scroll            |       |     4 |     5 |       |     6 |     4 |     2 |     2 |     6 ||    29
         Potion            |       |     1 |       |     1 |    15 |     2 |     1 |     2 |    18 ||    40
   Stab: Sleeping          |     2 |     4 |     1 |    20 |    30 |    18 |    15 |    25 |    31 ||   146
         Confused          |       |       |     6 |     7 |    23 |    14 |    12 |    21 |    14 ||    97
         Paralysed         |       |       |     2 |     1 |       |       |       |       |       ||     3
         Distracted        |       |       |       |     2 |     3 |     2 |     6 |     2 |    41 ||    56
         Invisible         |       |       |       |       |       |    13 |     9 |       |       ||    22
 Armour: Skin              |    16 |    30 |    70 |   137 |   187 |   383 |   287 |   259 |  1047 ||  2416
  Dodge: Dodged            |    34 |    46 |    66 |   129 |   359 |   831 |   555 |   722 |  3596 ||  6338
  Block: Buckler           |       |     2 |    25 |    50 |    70 |     3 |       |       |   548 ||   698
         Reflection        |       |       |       |       |       |       |       |       |    21 ||    21
   Form: Anaconda          |       |       |       |       |     1 |     1 |       |       |       ||     2
         Blade             |       |       |       |       |     1 |       |       |       |       ||     1
         Statue            |       |       |       |       |       |       |       |       |     1 ||     1
         Storm             |       |       |       |       |       |       |       |       |     1 ||     1

Table legend: (Time is in decaauts)
 A = Elapsed time spent in this place.
 B = Non-inter-level travel time spent in this place.
 C = Inter-level travel time spent in this place.
 D = Time resting spent in this place.
 E = Time spent auto-exploring this place.
 F = Levels seen in this place.
 G = Mean time per level.
                   A        B        C        D        E       F      G
               +--------+--------+--------+--------+--------+-----+--------+
         Total |  79688 |  68207 |  11481 |  27963 |      0 |  63 | 1264.9 |
       Dungeon |  20755 |  17303 |   3452 |   6597 |      0 |  15 | 1383.7 |
        Temple |     58 |      4 |     54 |      0 |      0 |   1 |   58.0 |
          Lair |   5882 |   4505 |   1377 |   1272 |      0 |   5 | 1176.4 |
         Swamp |   6399 |   5902 |    497 |   3372 |      0 |   4 | 1599.8 |
     Snake Pit |   8123 |   7244 |    879 |   3395 |      0 |   4 | 2030.8 |
    Slime Pits |   1810 |   1678 |    132 |    133 |      0 |   5 |  362.0 |
  Orcish Mines |   2386 |   2081 |    305 |    924 |      0 |   2 | 1193.0 |
   Elven Halls |   5656 |   5190 |    466 |   2624 |      0 |   3 | 1885.3 |
        Vaults |   9929 |   8469 |   1460 |   4201 |      0 |   5 | 1985.8 |
         Crypt |   4461 |   3897 |    564 |   1461 |      0 |   3 | 1487.0 |
        Depths |   7784 |   6170 |   1614 |   3050 |      0 |   4 | 1946.0 |
          Hell |    696 |    643 |     53 |     45 |      0 |   1 |  696.0 |
           Zot |   4413 |   3789 |    624 |    652 |      0 |   5 |  882.6 |
         Abyss |    822 |    822 |      0 |      6 |      0 |   4 |  205.5 |
         Trove |     59 |     59 |      0 |      0 |      0 |   1 |   59.0 |
        Wizlab |    449 |    449 |      0 |    225 |      0 |   1 |  449.0 |
               +--------+--------+--------+--------+--------+-----+--------+

Top non-repeatable levels by time:
Vaults:4: 3096 daAuts
   Elf:3: 2858 daAuts
Depths:4: 2660 daAuts
 Snake:4: 2651 daAuts
    D:10: 2510 daAuts
 Swamp:3: 2156 daAuts
 Snake:1: 2130 daAuts
Depths:2: 1971 daAuts
Vaults:3: 1931 daAuts
     D:9: 1928 daAuts
 Snake:3: 1919 daAuts
Vaults:2: 1894 daAuts
     D:4: 1879 daAuts
 Crypt:1: 1838 daAuts
Vaults:1: 1795 daAuts
